 Dungeon Crawl Stone Soup version 0.22-a0-185-ge330310d3a (webtiles) character file.

1130 Fuhrer the Reanimator (level 8, -2/62 HPs)
             Began as a Deep Dwarf Necromancer on Feb 15, 2018.
             Was a Follower of Okawaru.
             Slain by an orc warrior
             ... wielding a +0 hand axe
              (14 damage)
             ... on level 6 of the Dungeon.
             The game lasted 00:37:22 (6301 turns).

Fuhrer the Reanimator (Deep Dwarf Necromancer)      Turns: 6301, Time: 00:37:23

Health: -2/62      AC:  7    Str: 14    XL:     8   Next: 13%
Magic:  0/12       EV: 13    Int: 16    God:    Okawaru [*.....]
Gold:   193        SH:  0    Dex: 15    Spells: 4/13 levels left

rFire    . . .     SeeInvis .   B - +5 spear
rCold    + . .     Gourm    .   (no shield)
rNeg     . . .     Faith    .   H - +2 ring mail {rC+}
rPois    .         Spirit   .   (no helmet)
rElec    .         Reflect  .   (no cloak)
rCorr    .         Harm     .   (no gloves)
MR       +....                  (no boots)
Stlth    +.........             r - amulet of inaccuracy (curse)
HPRegen  0.00/turn              m - +2 ring of dexterity
MPRegen  0.13/turn              (no ring)

@: non-regenerating
A: damage resistance, heal wounds, sense surroundings 1, no regeneration
a: Heal Wounds, Heroism, Renounce Religion


You were on level 6 of the Dungeon.
You worshipped Okawaru.
Okawaru was aware of your devotion.
You were hungry.

You visited 2 branches of the dungeon, and saw 7 of its levels.

You collected 344 gold pieces.
You spent 151 gold pieces at shops.

Inventory:

Hand Weapons
 p - a +0 war axe
 B - a +5 spear (weapon)
 G - a +0 scythe of venom
Missiles
 e - 9 tomahawks (quivered)
Armour
 q - a +0 leather armour
 H - a +2 ring mail of cold resistance (worn)
Magical Staves
 I - an uncursed staff of conjuration
Jewellery
 m - a +2 ring of dexterity (left hand)
 r - a cursed amulet of inaccuracy (around neck)
 w - an uncursed amulet of regeneration {unknown}
Wands
 s - a wand of acid (3)
 u - a wand of iceblast (6)
 v - a wand of enslavement (4)
 y - a wand of polymorph (7)
Scrolls
 a - 3 scrolls of teleportation {unknown}
 f - 2 scrolls of identify {unknown}
 i - a scroll of enchant weapon {unknown}
 j - a scroll of enchant armour {unknown}
 t - a scroll of random uselessness {unknown}
 x - a scroll of immolation {unknown}
 z - a scroll of blinking {unknown}
 C - a scroll of torment {unknown}
 D - a scroll of remove curse {unknown}
 E - 3 scrolls of amnesia {unknown}
Potions
 b - a potion of invisibility {unknown}
 d - a potion of cancellation {unknown}
 g - 2 potions of ambrosia {unknown}
 h - 3 potions of might {unknown}
 k - 3 potions of heal wounds {unknown}
 l - a potion of flight {unknown}
 n - a potion of mutation {unknown}
 o - 4 potions of curing {unknown}
 A - 2 potions of agility {unknown}
Comestibles
 c - 7 rations
 F - 4 chunks of flesh


   Skills:
 - Level 2.4(3.2) Axes
 + Level 2.5(2.9) Polearms
 + Level 3.0 Armour
 - Level 5.3 Dodging
 - Level 2.4 Stealth
 - Level 3.0 Spellcasting
 + Level 8.1 Necromancy


You had 4 spell levels left.
You knew the following spells:

 Your Spells              Type           Power        Failure   Level  Hunger
a - Pain                  Necr           ####         1%          1    #......
b - Vampiric Draining     Necr           ####......   4%          3    ###....
c - Animate Skeleton      Necr           N/A          1%          1    #......
d - Animate Dead          Necr           N/A          13%         4    #####..


Dungeon Overview and Level Annotations

Branches:
Dungeon (6/15)             Temple (1/1) D:5

Altars:
Ashenzari
Dithmenos
Elyvilon
Fedhas
Gozag
Hepliaklqana
Kikubaaqudgha
Makhleb
Nemelex Xobeh
Okawaru
Qazlal
Ru
Sif Muna
Trog
Uskayaw
Vehumet
Wu Jian
Xom
Yredelemnul
Zin
The Shining One

Shops:
D:4 *


Innate Abilities, Weirdness & Mutations

You are resistant to damage.
You can heal yourself by infusing magical energy.
You passively map a small area around you.
You do not regenerate.


Message History

Casting: Vampiric Draining (safe; 4% risk of failure)
Confirm with . or Enter, or press ? or * to list all spells.
Aiming: Pain (safe; 1% risk of failure)
Press: ? - help, Shift-Dir - straight line, f/p - orc warrior
Aim: an orc warrior, wielding a hand axe and wearing a chain mail (severely wounded, chance to defeat MR: 84%)
The orc warrior writhes in agony!
The orc warrior misses you.
You barely miss the orc warrior.
The orc warrior is almost dead.
Casting: Pain (safe; 1% risk of failure)
Confirm with . or Enter, or press ? or * to list all spells.
Aiming: Pain (safe; 1% risk of failure)
Press: ? - help, Shift-Dir - straight line, f/p - orc warrior
Aim: an orc warrior, wielding a hand axe and wearing a chain mail (almost dead, chance to defeat MR: 84%)
The orc warrior writhes in agony!
The orc warrior hits you with a hand axe!
* * * LOW HITPOINT WARNING * * *
You hit the orc warrior but do no damage.
The orc warrior is almost dead.
The orc warrior hits you with a hand axe!
You die...

, , #. , , , *,, *.# *
, ,.## ,, * #... ## ,,
* ..* ##...##...* ###
#.## *##...........
#...#))# #............
#.)))### #............
*#o@)###............ *
###...##........... **
##........#......
##..##.##.......
##.##..........
##########..>...#......
..................#....
*
###.>#.##.............
####...##.............


You could see an orc warrior.

Vanquished Creatures
  Sigmund (D:5)
  A centaur (D:4)
  An ice beast (D:5)
  A water moccasin skeleton (D:6)
  A wight (D:4)
  A bullfrog zombie (D:5)
  3 orc priests
  3 hounds
  4 orc wizards
  3 worker ants
  A gnoll (D:6)
  9 adders
  2 oozes (D:1)
  An adder skeleton (D:6)
  5 worms
  A dart slug (D:1)
  8 leopard geckos
  17 orcs
  A ball python (D:3)
  11 bats
  4 giant cockroaches
  7 goblins
  7 hobgoblins
  2 quokkas
  8 frilled lizards
  A jackal skeleton (D:4)
  A jackal zombie (D:5)
  5 kobolds
  10 rats
120 creatures vanquished.

Vanquished Creatures (collateral kills)
  A sky beast (D:5)
  An ogre (D:6)
  3 wights (D:4)
  An orc wizard (D:4)
  An orc priest (D:4)
  4 gnolls (D:6)
  3 orcs
14 creatures vanquished.

Vanquished Creatures (others)
  A gnoll sergeant (D:6)
1 creature vanquished.

Grand Total: 135 creatures vanquished

Notes
Turn   | Place    | Note
-------+----------+-------------------------------------------
     0 | D:1      | Fuhrer the Deep Dwarf Necromancer began the quest for the Orb.
     0 | D:1      | Reached XP level 1. HP: 15/15 MP: 3/3
   108 | D:1      | Reached XP level 2. HP: 22/22 MP: 1/5
   595 | D:1      | Reached skill level 5 in Necromancy
   595 | D:1      | Reached XP level 3. HP: 17/28 MP: 0/6
   600 | D:1      | Learned a level 3 spell: Vampiric Draining
   602 | D:1      | Learned a level 1 spell: Animate Skeleton
  1473 | D:2      | Reached XP level 4. HP: 30/36 MP: 0/8
  1619 | D:2      | Found a faded altar of an unknown god.
  1715 | D:2      | Became a worshipper of Hepliaklqana the Forgotten
  1715 | D:2      | Reached * piety under Hepliaklqana
  1728 | D:2      | Fell from the grace of Hepliaklqana
  1750 | D:2      | Found a bloodstained altar of Trog.
  3224 | D:3      | HP: 1/32 [orc wizard/spear (2)]
  3234 | D:3      | Was forgiven by Hepliaklqana
  3499 | D:4      | Found Uhymoakh's Assorted Antiques.
  3506 | D:4      | Bought a tapered bone wand for 88 gold pieces
  3519 | D:4      | Noticed a centaur
  3547 | D:4      | Reached XP level 5. HP: 20/42 MP: 9/9
  3567 | D:4      | Killed a centaur
  3567 | D:4      | Reached skill level 6 in Necromancy
  3568 | D:4      | Reached XP level 6. HP: 25/49 MP: 0/10
  4171 | D:4      | Reached skill level 1 in Axes
  4425 | D:4      | Bought a scroll labeled DOFACE QUAMME for 22 gold pieces
  4425 | D:4      | Bought a white potion for 19 gold pieces
  4425 | D:4      | Bought a scroll labeled ZAJOPI KA SEFA for 22 gold pieces
  4445 | D:5      | Entered Level 5 of the Dungeon
  4495 | D:5      | Found a sparkling altar of Nemelex Xobeh.
  4604 | D:5      | Reached skill level 7 in Necromancy
  4617 | D:5      | Found a glowing golden altar of the Shining One.
  4655 | D:5      | Reached XP level 7. HP: 50/55 MP: 0/11
  4799 | D:5      | Found a deep blue altar of Sif Muna.
  4799 | D:5      | Found a glowing silver altar of Zin.
  4808 | D:5      | Reached skill level 5 in Dodging
  4888 | D:5      | Learned a level 4 spell: Animate Dead
  5302 | D:5      | Found a staircase to the Ecumenical Temple.
  5307 | Temple   | Entered the Ecumenical Temple
  5490 | Temple   | Became a worshipper of Warmaster Okawaru
  5602 | D:5      | Noticed Sigmund
  5610 | D:5      | Killed Sigmund
  5610 | D:5      | Reached skill level 1 in Polearms
  5610 | D:5      | Reached skill level 1 in Armour
  6197 | D:6      | Found a shimmering altar of Xom.
  6249 | D:6      | Reached XP level 8. HP: 58/62 MP: 5/12
  6257 | D:6      | Reached skill level 8 in Necromancy
  6270 | D:6      | Reached * piety under Okawaru
  6301 | D:6      | Slain by an orc warrior

Vault maps used:
D:1:      lightli_arrival_quake, minmay_cupped
D:2:      nicolae_overflow_crystal_walls, first_ration,
          chequers_ecumenical_altar_island, minmay_octomino_c4
D:4:      serial_shops, shop, minmay_item_behind_shaft
D:5:      lemuel_crystal_altar, grunt_temple_overflow_open, temple_doors_ab,
          uniq_sigmund
D:6:      serial_shops, nicolae_shop_waterfront, basic_altar, fedhas_altar_4
Temple:   eino_temple_scatter_basement

Skill      XL: |  1  2  3  4  5  6  7  8 |
---------------+-------------------------+-----
Spellcasting   | 2 3 |  3.0
Necromancy     | 5 6 7 8 |  8.1
Dodging        | 3 4 5 |  5.3
Axes           | 1 2 |  2.4
Polearms       | 2 |  2.5
Armour         | 2 3 |  3.0
Stealth        | |  2.4

Action                   |  1- 3 |  4- 6 |  7- 9 || total
-------------------------+-------+-------+-------++-------
Melee: Hand axe          |    13 |       |       ||    13
       Mace              |     4 |    66 |       ||    70
       Spear             |       |    17 |    50 ||    67
Throw: Tomahawk          |     2 |     3 |     9 ||    14
 Cast: Pain              |    62 |    79 |    31 ||   172
       Animate Skeleton  |     7 |    14 |     2 ||    23
       Vampiric Draining |     3 |    35 |    14 ||    52
       Animate Dead      |       |       |     1 ||     1
Invok: Renounce Religion |       |     1 |       ||     1
 Abil: Heal Wounds       |       |     1 |       ||     1
Evoke: Wand              |       |     8 |     6 ||    14
 Stab: Sleeping          |       |     2 |     3 ||     5
       Distracted        |       |       |     1 ||     1
  Eat: Chunk             |     3 |    12 |     2 ||    17
       Ration            |       |     1 |     1 ||     2
Armor: Robe              |     5 |       |       ||     5
       Leather armour    |       |    33 |     4 ||    37
       Ring mail         |       |       |     7 ||     7
Dodge: Dodged            |    27 |    93 |    38 ||   158

Table legend:
 A = Spawn XP
 B = Non-spawn XP
 C = Spawn XP percentage of total XP
 D = Spawn monster count
 E = Non-spawn monster count
 F = Spawn count percentage of total count
 G = Total turns spent on level
                    A         B        C        D         E        F      G
               +---------+---------+-------+---------+---------+-------+---------
         Total |       0 |    1615 |   0.0 |       0 |     134 |   0.0 |  6301
               +---------+---------+-------+---------+---------+-------+---------
           D:1 |       0 |      57 |   0.0 |       0 |      24 |   0.0 |  1005
           D:2 |       0 |      65 |   0.0 |       0 |      31 |   0.0 |  1305
           D:3 |       0 |      49 |   0.0 |       0 |      24 |   0.0 |  1185
           D:4 |       0 |     469 |   0.0 |       0 |      22 |   0.0 |   952
           D:5 |       0 |     709 |   0.0 |       0 |      22 |   0.0 |  1523
           D:6 |       0 |     266 |   0.0 |       0 |      11 |   0.0 |   136
               +---------+---------+-------+---------+---------+-------+---------
